 Dungeon Crawl Stone Soup version 0.22-a0-354-g30dfbe6 (webtiles) character file.

4359 Amnesiac the Slicer (level 10, -12/74 HPs)
             Began as a Mummy Chaos Knight on Apr 16, 2018.
             Mangled by a wight
             ... wielding a +0 halberd
              (15 damage)
             ... while paralysed by Grinder
             ... on level 8 of the Dungeon.
             The game lasted 00:12:45 (7072 turns).

Amnesiac the Slicer (Mummy Chaos Knight)            Turns: 7072, Time: 00:12:45

Health: -12/74     AC:  6    Str: 19    XL:     10   Next: 12%
Magic:  13/13      EV:  2    Int: 11    God:    Xom [....*.]
Gold:   983        SH:  0    Dex: 12    Spells: 5/9 levels left

rFire    x . .     SeeInvis .   a - +6 quick blade (vamp)
rCold    + . .     Gourm    .   r - +0 shield
rNeg     + + +     Faith    .   u - +2 leather armour
rPois    ∞         Spirit   .   (no helmet)
rElec    .         Reflect  .   f - +0 cloak
rCorr    .         Harm     .   (no gloves)
MR       +....                  (no boots)
Stlth    +.........             e - amulet of the acrobat
HPRegen  0.22/turn              (no ring)
MPRegen  0.13/turn              (no ring)

@: paralysed
A: no food or potions, fire vulnerability, cold resistance 1, negative energy
resistance 3, torment resistance, unbreathing
a: Renounce Religion


You were on level 8 of the Dungeon.
You worshipped Xom.
You were a beloved toy of Xom.
You were not hungry.

You visited 1 branch of the dungeon, and saw 8 of its levels.

You collected 983 gold pieces.

Inventory:

Hand Weapons
 a - a +6 vampiric quick blade (weapon)
 b - a +0 hunting sling of velocity
Armour
 f - a +0 cloak (worn)
 r - a +0 shield (worn)
 u - a +2 leather armour (worn)
Jewellery
 e - an amulet of the acrobat (around neck)
Wands
 i - a wand of iceblast (6)
 o - a wand of acid (6)
 p - a wand of clouds (3)
 s - a wand of flame (22)
Scrolls
 c - a scroll of fog {!r}
 d - 7 scrolls of remove curse {!r}
 g - 3 scrolls of teleportation {!r}
 h - a scroll of fear {!r}
 k - 2 scrolls of enchant armour {!r}
 l - a scroll of blinking {!r}
 m - 2 scrolls of immolation {!r}
 t - a scroll of amnesia {!r}


   Skills:
 + Level 5.5 Fighting
 - Level 8.1 Short Blades
 + Level 4.3 Armour
 + Level 4.3 Dodging
 + Level 4.3 Shields
 + Level 4.4 Evocations


You had 5 spell levels left.
You knew the following spells:

 Your Spells              Type           Power        Failure   Level  Hunger
b - Animate Skeleton      Necr           N/A          86%         1    N/A
c - Apportation           Tloc           #.....       86%         1    N/A
d - Summon Small Mammal   Summ           #...         86%         1    N/A
z - Confusing Touch       Hex            #.....       86%         1    N/A

Dungeon Overview and Level Annotations

Branches:
Dungeon (8/15)             Temple (0/1) D:7
   Lair: D:8-11

Altars:
Ashenzari
Cheibriados
Gozag
Kikubaaqudgha
Makhleb
Nemelex Xobeh
Trog
Xom
Zin

Annotations:
D:8 Grinder


Innate Abilities, Weirdness & Mutations

You do not eat or drink.
Your flesh is vulnerable to fire.
You are immune to poison.
Your flesh is cold resistant. (rC+)
You are immune to negative energy. (rN+++)
You are immune to unholy pain and torment.
You can survive without breathing.


Message History

You hit the wight but do no damage.
The wight is severely damaged.
You hit the wight.
The wight is almost destroyed.
You puncture the wight!
You destroy the wight!
An orc comes into view. It is wielding a mace.
The orc shouts!
The orc barely misses you.
Things that are here:
a dagger of freezing; a robe You puncture the orc!
You feel better.
You kill the orc!
An orc priest comes into view. It is wielding a short sword.
The orc priest shouts!
You hear a shout!
You block Grinder's attack. You block the orc's attack.
You block the wight's attack.
Things that are here:
a flail; an orc corpse The helpless orc fails to defend itself.
You impale the orc!!
You kill the orc!
You block Grinder's attack.
You hit Grinder.
Grinder is lightly wounded.
The orc hits you with a club.
You puncture Grinder!
Grinder is moderately wounded.
The centaur hits you but does no damage.
You block the wight's attack. Grinder gestures at you.
You suddenly lose the ability to move!
The orc priest calls down the wrath of Beogh upon you.
Beogh smites you! The centaur hits you! The orc barely misses you.
Grinder hits you!
The wight hits you from afar with a halberd!
* * * LOW HITPOINT WARNING * * *
A leopard gecko comes into view.
The centaur hits you.
* * * LOW HITPOINT WARNING * * *
The centaur hits you.
* * * LOW HITPOINT WARNING * * *
The orc hits you but does no damage.
Grinder blinks!
The centaur hits you.
* * * LOW HITPOINT WARNING * * *
The wight hits you from afar with a halberd!
* * * LOW HITPOINT WARNING * * *
The orc barely misses you. 2 orcs come into view.
The centaur hits you.
* * * LOW HITPOINT WARNING * * *
The orc priest casts a cantrip, but nothing happens.
The wight hits you from afar with a halberd.
* * * LOW HITPOINT WARNING * * *
The ogre hits you with a giant club.
* * * LOW HITPOINT WARNING * * *
The centaur hits you but does no damage.
The orc hits you but does no damage. The centaur hits you.
* * * LOW HITPOINT WARNING * * *
The wight hits your iron imp with an enchanted dagger.
The wight hits you from afar with a halberd!
You die...
Xom cackles wildly!

..............# #####
#....45c...# .....#
#....<.....# ......#
#######5#### ...
.......########÷## #...
..............#..# #...
O.......z....z5.÷##..#
.......<#####o##....##..
..........z5@Ooo.......
.z.....######col...###..
....... #..ro.........
....... #..z._..######
....... #.......#
....... .......oo.#
....... .##..)....# .
#.......# #.......#


You could see Grinder, an ogre, a centaur, 3 wights, an orc priest, 6 orcs, a
leopard gecko, a quokka and a friendly iron imp.

Vanquished Creatures
  The ghost of Galewind the Thaumaturge, a novice DEFE of Vehumet (D:6)
  A troll (D:7)
  4 hippogriffs (D:7)
  Sigmund (D:5)
  A water moccasin (D:8)
  2 orc warriors
  4 ice beasts
  A phantom (D:4)
  5 ogres
  3 centaurs
  3 bullfrogs
  2 scorpions
  3 wights
  2 howler monkeys
  A crimson imp (D:6)
  A quasit (D:7)
  A jelly (D:6)
  5 hounds
  A centaur skeleton (D:6)
  2 orc priests
  2 orc wizards
  Ijyb (D:5)
  2 iguanas
  7 worker ants
  A hound skeleton (D:5)
  9 adders
  A shadow imp (D:7)
  3 oozes
  An adder zombie (D:6)
  An adder skeleton (D:5)
  7 worms
  5 dart slugs
  A dart slug (shapeshifter) (D:2)
  3 leopard geckos
  16 orcs
  6 bats
  9 giant cockroaches
  9 hobgoblins
  18 jackals
  4 quokkas
  3 ball pythons
  5 frilled lizards
  15 goblins
  9 kobolds
  8 rats
190 creatures vanquished.

Vanquished Creatures (collateral kills)
  An ogre (D:2)
  A wight (D:8)
  An adder (D:2)
  A quokka (D:2)
  A rat (D:2)
5 creatures vanquished.

Vanquished Creatures (others)
  A water moccasin (D:6)
  A centaur (D:6)
  An orc wizard (D:4)
  An orc (D:8)
4 creatures vanquished.

Grand Total: 199 creatures vanquished

Notes
Turn   | Place    | Note
-------+----------+-------------------------------------------
     0 | D:1      | Amnesiac the Mummy Chaos Knight began the quest for the Orb.
     0 | D:1      | Reached XP level 1. HP: 18/18 MP: 1/1
    99 | D:1      | Reached XP level 2. HP: 17/24 MP: 2/2
   144 | D:1      | Reached skill level 3 in Short Blades
   324 | D:1      | XOM: divination: detect items
   380 | D:1      | XOM: divination: detect items
   418 | D:1      | Reached XP level 3. HP: 12/29 MP: 3/3
   962 | D:2      | Reached skill level 1 in Dodging
  1028 | D:2      | Reached XP level 4. HP: 23/35 MP: 4/4
  1034 | D:2      | Noticed an ogre
  1053 | D:2      | Killed an ogre
  1053 | D:2      | Reached skill level 4 in Short Blades
  1127 | D:2      | XOM: cast spell 'Leda's Liquefaction'
  1136 | D:2      | XOM: scenery: create altars
  1260 | D:2      | XOM: 4-stop teleportation journey
  1263 | D:2      | Reached XP level 5. HP: 34/41 MP: 5/5
  1309 | D:2      | Found a faded altar of an unknown god.
  1400 | D:2      | XOM: summons 2 hostile shadow creatures
  1418 | D:2      | Found a shattered altar of Ashenzari.
  1671 | D:2      | Found a shimmering altar of Xom.
  1894 | D:2      | Reached skill level 5 in Short Blades
  1930 | D:2      | XOM: mild Ice miscast
  2008 | D:3      | Found an opulent altar of Gozag.
  2125 | D:3      | Found a bloodstained altar of Trog.
  2253 | D:3      | XOM: confuse monster(s)
  2261 | D:3      | XOM: swap monsters
  2265 | D:3      | XOM: blink monster(s)
  2276 | D:4      | Reached XP level 6. HP: 32/47 MP: 6/6
  2276 | D:4      | XOM: mild Air miscast
  2465 | D:3      | XOM: confusion (+ monsters)
  2513 | D:3      | XOM: god gift: 52 gold pieces
  2583 | D:3      | Found an ancient bone altar of Kikubaaqudgha.
  2602 | D:3      | XOM: harmless Air miscast
  2748 | D:4      | Noticed an ice beast
  2763 | D:4      | Killed an ice beast
  2763 | D:4      | Reached skill level 6 in Short Blades
  2780 | D:4      | XOM: silly message
  2786 | D:4      | XOM: god gift: tapered ivory wand {god gift}
  2791 | D:4      | XOM: enchant monster (bad)
  2795 | D:4      | Reached XP level 7. HP: 8/52 MP: 7/7
  3014 | D:4      | Learned a level 2 spell: Sticks to Snakes
  3068 | D:4      | Learned a level 1 spell: Animate Skeleton
  3070 | D:4      | Learned a level 1 spell: Apportation
  3072 | D:4      | Learned a level 1 spell: Confusing Touch
  3074 | D:4      | Learned a level 1 spell: Summon Small Mammal
  3189 | D:4      | XOM: god gift: runed quick blade {god gift}
  3398 | D:5      | Entered Level 5 of the Dungeon
  3398 | D:5      | Found a sparkling altar of Nemelex Xobeh.
  3430 | D:5      | Reached skill level 7 in Short Blades
  3525 | D:5      | XOM: severe Conj miscast
  3573 | D:5      | XOM: chaos upgrade
  3609 | D:5      | Noticed Sigmund
  3609 | D:5      | XOM: destruction
  3621 | D:5      | Killed Sigmund
  3722 | D:5      | XOM: 2-stop teleportation journey
  3822 | D:5      | XOM: god gift: wand of iceblast (6)
  3896 | D:5      | Noticed Ijyb
  3904 | D:5      | Killed Ijyb
  4220 | D:6      | Reached skill level 8 in Short Blades
  4220 | D:6      | Reached XP level 8. HP: 33/58 MP: 8/8
  4310 | D:6      | XOM: confuse monster(s)
  4418 | D:6      | Reached skill level 1 in Shields
  4418 | D:6      | Reached skill level 1 in Evocations
  4474 | D:6      | Noticed Grinder
  4475 | D:6      | XOM: enchant monster (good)
  4479 | D:6      | Paralysed by Grinder for 3 turns
  4499 | D:6      | XOM: 2-stop teleportation journey
  4530 | D:6      | XOM: divine lightning
  4646 | D:6      | Found a snail-covered altar of Cheibriados.
  4699 | D:6      | XOM: divine lightning
  4928 | D:6      | XOM: god gift: 550 gold pieces
  4954 | D:6      | Noticed Galewind's ghost (novice DEFE)
  4960 | D:6      | XOM: scenery: create altars
  4994 | D:5      | XOM: divination: detect items
  5023 | D:5      | XOM: snakes to sticks
  5115 | D:6      | XOM: confuse monster(s)
  5133 | D:6      | XOM: cast spell 'Summon Small Mammal'
  5140 | D:6      | XOM: scenery: create altars
  5141 | D:6      | XOM: scenery: create altars
  5145 | D:6      | XOM: summons 8 friendly demons
  5161 | D:6      | Killed Galewind's ghost
  5161 | D:6      | Reached XP level 9. HP: 65/65 MP: 9/11
  5352 | D:6      | Found a burning altar of Makhleb.
  5370 | D:6      | XOM: god gift: 16 stones
  5382 | D:6      | XOM: harmless Ice miscast
  5457 | D:7      | XOM: noise
  5720 | D:7      | XOM: divination: detect creatures
  5778 | D:7      | Found a glowing silver altar of Zin.
  5778 | D:7      | Noticed an angel
  5790 | D:7      | XOM: potion effect (haste)
  5827 | D:7      | Noticed a troll
  5835 | D:7      | Killed a troll
  5853 | D:7      | XOM: swap monsters
  5866 | D:7      | XOM: cast spell 'Cause Fear'
  5890 | D:7      | Reached skill level 5 in Fighting
  5971 | D:7      | XOM: noise
  5984 | D:7      | Found a staircase to the Ecumenical Temple.
  6261 | D:7      | XOM: medium Ice miscast
  6279 | D:8      | Noticed a brown ugly thing
  6556 | D:8      | XOM: confusion
  6579 | D:7      | Reached XP level 10. HP: 43/74 MP: 13/13
  6679 | D:7      | XOM: harmless Pois miscast
  6681 | D:8      | XOM: summons 3 hostile demons
  6682 | D:8      | Noticed a rust devil
  6694 | D:7      | XOM: chaos cloud
  6698 | D:7      | XOM: noise
  7036 | D:8      | XOM: scenery: create altars
  7051 | D:8      | XOM: enchant monster (good)
  7053 | D:8      | XOM: summons friendly iron imp
  7057 | D:8      | XOM: enchant monster (good)
  7067 | D:8      | Paralysed by Grinder for 7 turns
  7072 | D:8      | HP: 3/74 [centaur (3)]
  7072 | D:8      | Mangled by a wight

Vault maps used:
D:1:      mrwooster_arrival_statue
D:2:      evilmike_ruin_ashenzari, tgw_xom,
          chequers_ecumenical_altar_simple_redux
D:3:      nicolae_overflow_crystal_walls, lemuel_crystal_altar, first_ration,
          trog_three_pillars_becter
D:5:      nemelex_xobeh_ov_fountains_minmay, uniq_ijyb, uniq_sigmund
D:6:      kennysheep_little_box, slow_altar_1, minmay_item_behind_shaft,
          uniq_grinder
D:7:      zin_angel, minmay_temple_entry_statues, minivault_22
D:8:      lemuel_crystal_altar, marbit_many_paths, special_room

Skill      XL: |  1  2  3  4  5  6  7  8  9 |
---------------+----------------------------+-----
Short Blades   | 3 4 5 6 8 |  8.1
Dodging        | 1 3 4 |  4.3
Armour         | 2 4 |  4.3
Shields        | 3 4 |  4.3
Evocations     | 3 4 |  4.4
Fighting       | 4 5 |  5.5

Action                   |  1- 3 |  4- 6 |  7- 9 | 10-12 || total
-------------------------+-------+-------+-------+-------++-------
Melee: Short sword       |   111 |   277 |    11 |       ||   399
       Quick blade       |       |       |   519 |    39 ||   558
Evoke: Wand              |       |     1 |     4 |     1 ||     6
  Use: Scroll            |       |       |    12 |       ||    12
 Stab: Paralysed         |     1 |       |       |     2 ||     3
       Sleeping          |       |     1 |       |       ||     1
       Petrifying        |       |     1 |       |       ||     1
       Confused          |       |       |     7 |       ||     7
Armor: Leather armour    |    28 |    72 |    55 |    14 ||   169
Dodge: Dodged            |    63 |   156 |   107 |    21 ||   347
Block: Shield            |       |       |    92 |    28 ||   120

Table legend:
 A = Spawn XP
 B = Non-spawn XP
 C = Spawn XP percentage of total XP
 D = Spawn monster count
 E = Non-spawn monster count
 F = Spawn count percentage of total count
 G = Total turns spent on level
                    A         B        C        D         E        F      G
               +---------+---------+-------+---------+---------+-------+---------
         Total |       0 |    6228 |   0.0 |       0 |     197 |   0.0 |  7072
               +---------+---------+-------+---------+---------+-------+---------
           D:1 |       0 |      58 |   0.0 |       0 |      27 |   0.0 |   958
           D:2 |       0 |     266 |   0.0 |       0 |      51 |   0.0 |   968
           D:3 |       0 |     151 |   0.0 |       0 |      22 |   0.0 |   621
           D:4 |       0 |     467 |   0.0 |       0 |      13 |   0.0 |   851
           D:5 |       0 |     512 |   0.0 |       0 |      14 |   0.0 |   951
           D:6 |       0 |    1641 |   0.0 |       0 |      21 |   0.0 |  1108
           D:7 |       0 |    2525 |   0.0 |       0 |      38 |   0.0 |  1508
           D:8 |       0 |     608 |   0.0 |       0 |      11 |   0.0 |   107
               +---------+---------+-------+---------+---------+-------+---------
